AoeStats
← Stanko2026

QS Arena

503466798Analyzed
1v1 RM · 1mo ago on Aug 31, 2026· 91m 55s· 2 players
Game mode
Random Map
Map size
Tiny (2 player)
Population
200
Speed
Normal
Resources
Standard
Victory
Conquest
Starting age
Dark Age
Ending age
Imperial Age
RankedLock teamsTeams togetherTeam positionsShared explorationLock speedFull tech treeHidden civsTurbo modeCheats
Victory
Defeat
🇩🇪 Burgundians · Germany
737
+13
🇨🇱 Byzantines · Chile
651
-12
Erwin Rommel
10:21 Feudal Age
11:10 Double-Bit Axe
12:34 Horse Collar
15:56 Castle Age
14:34 Gold Mining
15:02 Forging
15:24 Scale Barding Armor
15:56 Gold Mining
16:32 Stone Mining
20:53 Iron Casting
28:07 Heavy Plow
28:19 Bow Saw
30:58 Wheelbarrow
30:09 Loom
32:55 Imperial Age
31:23 Stone Shaft Mining
31:23 Gold Shaft Mining
31:12 Ballistics
32:01 Fletching
32:11 Padded Archer Armor
32:12 Scale Mail Armor
32:32 Chain Barding Armor
32:09 Murder Holes
31:42 Pikeman
32:08 Arson
32:24 Squires
32:40 Bodkin Arrow
34:26 Crop Rotation
35:00 Two-Man Saw
35:08 Chemistry
34:26 Chain Mail Armor
34:27 Leather Archer Armor
33:34 Halberdier
33:36 Elite Skirmisher
35:22 Hand Cart
35:47 Plate Barding Armor
36:34 Husbandry
39:30 Thumb Ring
39:49 Logistica
49:54 Bracer
50:24 Ring Archer Armor
64:05 Elite Cataphract
85:25 Guilds
Stanko2026
0:53 Loom
4:03 Horse Collar
8:33 Double-Bit Axe
11:27 Feudal Age
12:32 Bow Saw
12:41 Heavy Plow
15:53 Gold Mining
15:53 Stone Mining
17:09 Scale Barding Armor
17:05 Scale Mail Armor
17:17 Forging
16:58 Fletching
17:09 Padded Archer Armor
17:50 Gold Shaft Mining
17:51 Stone Shaft Mining
17:08 Town Watch
20:57 Castle Age
23:12 Two-Man Saw
22:49 Crop Rotation
22:48 Crossbowman
22:49 Elite Skirmisher
22:51 Pikeman
23:32 Squires
23:18 Arson
22:55 Man-at-Arms
24:39 Fletching
24:49 Padded Archer Armor
25:25 Iron Casting
26:11 Town Watch
27:01 Wheelbarrow
27:03 Bodkin Arrow
27:28 Leather Archer Armor
28:20 Chain Mail Armor
32:09 Town Patrol
32:26 Hand Cart
35:11 Imperial Age
32:04 Light Cavalry
32:44 Husbandry
35:06 Burgundian Vineyards
37:14 Chemistry
36:11 Murder Holes
35:59 Treadmill Crane
36:42 Ballistics
36:34 Masonry
38:47 Hand Cart
38:51 Fortified Wall
38:44 Bracer
38:18 Halberdier
42:27 Conscription
42:44 Hoardings
43:33 Elite Coustillier
55:55 Hussar
75:13 Arrowslits
76:30 Blast Furnace
76:00 Plate Mail Armor
75:51 Chain Barding Armor
78:08 Guilds
88:09 Coinage
Connection lost

Rejoining the realm…

Still unreachable

The connection could not be restored.

Session expired

The server has moved on; the page needs a fresh start.